 Dungeon Crawl Stone Soup version 0.29.1-2-gbd0b4ee654 (webtiles) character file.

Game seed: 9369140857658877216

193 GorkyZ the Chopper (level 5, -1/32 HPs)
             Began as a Gargoyle Gladiator on Nov 30, 2022.
             Slain by a gnoll bouda
             ... wielding a +0 club
              (6 damage)
             ... on level 4 of the Dungeon.
             The game lasted 00:07:31 (3960 turns).

GorkyZ the Chopper (Gargoyle Gladiator)             Turns: 3960, Time: 00:07:31

Health: -1/32      AC: 15    Str: 20    XL:     5   Next: 72%
Magic:  5/5        EV:  6    Int:  8    God:
Gold:   190        SH:  0    Dex: 11    Spells: 4/4 levels left

rFire   . . .      SeeInvis .   a - +0 war axe
rCold   . . .      Faith    .   (no shield)
rNeg    + . .      Spirit   .   q - +0 plate armour
rPois   ∞          Reflect  .   c - +0 helmet
rElec   +          Harm     .   (no cloak)
rCorr   .          Rampage  .   (no gloves)
Will    .....                   (no boots)
Stlth   ..........              (no amulet)
HPRegen 0.10/turn               (no ring)
MPRegen 0.09/turn               (no ring)

@: weakened
A: sickness immunity, AC +4, negative energy resistance 1, electricity
resistance, torment resistance 1, petrification resistance
a: no special abilities


You were on level 4 of the Dungeon.
You visited 1 branch of the dungeon, and saw 5 of its levels.

You collected 190 gold pieces.

Inventory:

Hand Weapons
 a - a +0 war axe (weapon)
Missiles
 d - 3 throwing nets (quivered)
 e - a javelin
 p - 5 poisoned darts
 u - 5 boomerangs of dispersal
 w - 4 silver javelins
Armour
 b - a +0 leather armour
 c - a +0 helmet (worn)
 q - a +0 plate armour (worn)
Scrolls
 f - a scroll of summoning {unknown}
 h - 3 scrolls of teleportation {unknown}
 i - a scroll of brand weapon {unknown}
 j - 5 scrolls of identify {unknown}
 k - a scroll of blinking {unknown}
 l - 3 scrolls of poison {unknown}
 m - a scroll of butterflies {unknown}
 n - 2 scrolls of immolation {unknown}
 v - a scroll of fear {unknown}
Potions
 g - 2 potions of mutation {unknown}
 o - a potion of invisibility {unknown}
 r - 2 potions of curing
 s - a potion of brilliance {unknown}
 t - 2 potions of ambrosia {unknown}


   Skills:
 + Level 3.1 Fighting
 + Level 3.2 Axes
 + Level 2.3 Throwing
 + Level 1.9 Armour
 + Level 3.0 Dodging
 + Level 2.0 Shields
 + Level 1.5 Evocations


You had 4 spell levels left.
You didn't know any spells.
Your spell library contained the following spells:

 Spells                   Type           Power      Damage    Failure   Level
 Summon Small Mammal      Summ           0%         N/A       100%        1
 Call Canine Familiar     Summ           0%         N/A       100%        3
 Dazzling Flash           Conj/Hex       0%         N/A       100%        3
 Summon Guardian Golem    Hex/Summ       0%         N/A       100%        3
 Iskenderun's Mystic Bla  Conj/Tloc      0%         2d3       100%        4
 Starburst                Conj/Fire      0%         6d3       100%        6


Dungeon Overview and Level Annotations

Branches:
Dungeon (5/15)
 Temple: D:4-7

Altars:
Ru
Trog


Innate Abilities, Weirdness & Mutations

You are immune to sickness and miasma.
Your stone body is resilient. (AC +4)
You are immune to poison.
You resist negative energy. (rN+)
You are resistant to electric shocks. (rElec)
You are resistant to unholy torment.
You are immune to petrification.


Message History

You completely miss the gnoll.
The gnoll is lightly wounded.
You hit the gnoll but do no damage. You hit the gnoll bouda.
The gnoll hits you with a +0 flail of protection.
* * * LOW HITPOINT WARNING * * *
The gnoll bouda gazes fiercely through you!
You feel as though you will be weak longer.
The gnoll bouda hits you but does no damage.
The gnoll closely misses you.
The gnoll hits you with a +0 flail of protection.
* * * LOW HITPOINT WARNING * * *
The gnoll bouda hits you but does no damage.
The gnoll hits you but does no damage.
You barely miss the gnoll.
The gnoll is lightly wounded.
You hit the gnoll. You closely miss the gnoll bouda.
The gnoll hits you but does no damage.
The gnoll bouda hits you but does no damage.
The gnoll barely misses you.
You closely miss the gnoll.
The gnoll is lightly wounded.
You barely miss the gnoll bouda. You hit the gnoll but do no damage.
The gnoll barely misses you. The gnoll bouda barely misses you.
The gnoll hits you but does no damage.
You closely miss the gnoll.
The gnoll is lightly wounded.
You barely miss the gnoll bouda. You hit the gnoll.
The gnoll barely misses you.
The gnoll bouda hits you but does no damage.
The gnoll hits you but does no damage.
You barely miss the gnoll.
The gnoll is lightly wounded.
You barely miss the gnoll. You barely miss the gnoll bouda.
The gnoll hits you but does no damage.
The gnoll bouda hits you but does no damage.
The gnoll closely misses you.
The gnoll hits you with a +0 flail of protection.
* * * LOW HITPOINT WARNING * * *
The gnoll bouda hits you with a +0 club.
You die...

###...........##.#.>....
#...##.....)...##.....
#######..#....####...# ###
#...#.....#.#....
###.###..###...........
#.......##......#......
#####................#...
#...#...............#####
###......g@...........#.###
##.#......g.g............##.
#...##...........#.......##.
######................#...###....
.#.#.##....................##..#.
...............##......##..#..##.
.......##.#...##......####.....##
.#.....##..........#..##.#..<..##
##........#....#..##...........##


You could see a gnoll bouda and 2 gnolls.

Vanquished Creatures
  Natasha (thrice) (D:4)
  An orc wizard (D:4)
  2 adders
  A worm (D:4)
  A dart slug (D:4)
  4 orcs
  6 bats
  5 endoplasms
  4 giant cockroaches
  4 goblins
  3 hobgoblins
  2 jackals (D:1)
  6 quokkas
  6 ball pythons
  3 frilled lizards
  10 kobolds
  4 rats
65 creatures vanquished.

Vanquished Creatures (others)
  3 fungi (D:2)
  2 plants (D:2)
5 creatures vanquished.

Grand Total: 70 creatures vanquished

Notes
Turn   | Place    | Note
-------+----------+-------------------------------------------
     0 | D:1      | GorkyZ the Gargoyle Gladiator began the quest for the Orb.
     0 | D:1      | Reached XP level 1. HP: 12/12 MP: 1/1
   278 | D:1      | Reached XP level 2. HP: 10/17 MP: 2/2
   815 | D:1      | Reached skill level 1 in Shields
  1032 | D:1      | Reached XP level 3. HP: 22/22 MP: 3/3
  1377 | D:2      | Reached skill level 1 in Armour
  1610 | D:2      | Found a faded altar of an unknown god.
  2373 | D:3      | Reached XP level 4. HP: 27/27 MP: 4/4
  2550 | D:3      | Found a faded altar of an unknown god.
  2555 | D:3      | Found a bloodstained altar of Trog.
  2780 | D:4      | Noticed Natasha
  2787 | D:4      | Killed Natasha
  2788 | D:4      | Reached skill level 1 in Evocations
  3061 | D:4      | Noticed Natasha
  3084 | D:4      | Killed Natasha
  3085 | D:4      | Reached XP level 5. HP: 32/32 MP: 5/5
  3089 | D:4      | Noticed Natasha
  3104 | D:4      | Killed Natasha
  3672 | D:4      | Found a sacrificial altar of Ru.
  3943 | D:5      | Entered Level 5 of the Dungeon
  3960 | D:4      | Slain by a gnoll bouda

Illustrated notes

Levels and vault maps discovered:
D:1:      giann_horns, layout_basic
D:2:      layout_rooms, shapermc_ecumenical_altar_gd
D:3:      layout_loops_cross, nicolae_overflow_ecumenical_swirl,
          serial_bayou_crossing
D:4:      layout_cave_pools, hangedman_ru_absence, uniq_natasha
D:5:      layout_cave_pools, fedhas_altar_3, grunt_dithmenos_smoke_and_mirrors,
          beargit_hepliaklqana_dungeon_heroes,
          minmay_temple_entry_gardened_gates, serial_column_ruins,
          column_ruins_open_small, column_ruins_open_tiny, column_ruins_grid_1,
          column_ruins_grid_2, column_ruins_grid_1, column_ruins_open_tiny,
          uniq_eustachio

Skill      XL: |  1  2  3  4  5 |
---------------+----------------+-----
Shields        | 1 2 |  2.0
Throwing       | 2 |  2.3
Armour         | 1 |  1.9
Axes           | 3 |  3.2
Evocations     | 1 |  1.5
Fighting       | 3 |  3.1
Dodging        | 3 |  3.0

Action                   |  1- 3 |  4- 6 || total
-------------------------+-------+-------++-------
Melee: War axe           |    98 |    93 ||   191
       Punch             |       |     3 ||     3
Armor: Leather armour    |    51 |       ||    51
       Plate armour      |     3 |    92 ||    95
Dodge: Dodged            |    68 |    42 ||   110
